Map: Ulrena

Players

capac

  • Race: Terran Terran
  • League: Gold

Sballerio - Winner!

  • Race: Protoss Protoss

VOD

Have the link to the VOD?

Description

Time

  • Played on: Feb. 9, 2016, 1:46 p.m.
  • Length: 7:24
Show
View Real Time Build Order
Export as new Build Order

capac Terran 

Build Orders:  

Get SALT Encoding   

  12  0:01  SCV  
  13  0:13  SCV  
  14  0:18  Supply Depot  
  14  0:25  SCV  
  15  0:39  SCV  
  15  0:42  Barracks  
  16  0:45  Refinery  
  16  0:51  SCV  
  17  1:04  SCV  
  18  1:16  SCV  
  19  1:28  SCV  
  20  1:38  Command Center  
  20  1:41  Marine  
  20  1:44  SCV  
  22  1:57  SCV  
  23  2:02  Factory  
  23  2:22  Supply Depot  
  23  2:28  Orbital Command  
  23  2:33  Refinery  
  23  2:35  Barracks Tech Lab  
  23  2:54  Bunker  
  23  2:57  Orbital Command  
  23  2:58  SCV  
  24  3:11  SCV  
  24  3:12  Barracks  
  25  3:23  SCV  
  25  3:24  Siege Tank  
  25  3:25  SCV  
  30  3:28  Barracks Reactor  
  30  3:36  Supply Depot  
  30  3:38  SCV x2  
  32  3:52  SCV x2  
  32  3:53  Barracks  
  34  3:59  Siege Tank  
  37  4:05  Starport  
  37  4:06  Barracks Reactor  
  37  4:07  Marine  
  38  4:17  SCV x2  
  38  4:22  Marine  
  41  4:29  SCV x2  
  42  4:34  Liberator  
  42  4:41  SCV  
  42  4:42  SCV  
  42  4:44  Marine  
  42  4:45  Marine  
  46  4:46  Marine  
  46  4:49  Barracks Tech Lab  
  50  4:56  Barracks  
  50  4:59  SCV x2  
  52  5:01  Supply Depot  
  52  5:02  Supply Depot  
  52  5:03  Refinery  
  52  5:05  Refinery, Marine x2  
  54  5:10  Stimpack  
  54  5:22  Marine x2  
  56  5:31  Marine x3  
  59  5:40  SCV x2  
  59  5:41  Marine x2  
  63  5:45  Barracks Reactor  
  63  5:49  Marine x2  
  58  5:56  Marine  
  54  5:58  Marine  
  54  5:59  Marine  
  41  6:06  Marine  
  30  6:19  Siege Tank  
  32  6:36  Engineering Bay  
  28  6:53  Widow Mine  
Show
View Real Time Build Order
Export as new Build Order

Sballerio Protoss - Winner!

Build Orders: Dark Templar Rush 

Get SALT Encoding   

  12  0:01  Probe (Chrono Boost)  
  13  0:13  Pylon  
  13  0:22  Probe (Chrono Boost)  
  14  0:34  Gateway  
  14  0:35  Probe (Chrono Boost)  
  15  0:45  Probe (Chrono Boost)  
  16  0:50  Assimilator  
  17  0:57  Probe (Chrono Boost)  
  17  1:11  Probe (Chrono Boost), Pylon  
  18  1:22  Probe (Chrono Boost)  
  18  1:25  Cybernetics Core  
  20  1:32  Probe (Chrono Boost)  
  20  1:37  Assimilator  
  20  1:43  Probe (Chrono Boost)  
  21  1:54  Probe (Chrono Boost)  
  22  2:05  Mothership Core (Chrono Boost)  
  24  2:25  Twilight Council  
  24  2:30  Nexus  
  24  2:34  Probe (Chrono Boost)  
  25  2:50  Pylon  
  25  2:57  Pylon  
  25  3:05  Dark Shrine  
  25  3:08  Warp Gate (Chrono Boost)  
  25  3:18  Gateway  
  25  3:20  Gateway  
  25  3:26  Gateway  
  25  3:48  Robotics Facility  
  25  3:53  Probe  
  25  3:54  Assimilator  
  26  4:04  Probe  
  27  4:17  Forge  
  27  4:20  Pylon  
  27  4:21  Probe  
  28  4:32  Probe  
  28  4:35  Warp Prism (Chrono Boost)  
  31  4:42  Probe  
  32  4:53  Probe  
  32  4:58  Photon Cannon  
  33  5:00  Photon Cannon  
  33  5:03  Probe  
  34  5:17  Dark Templar x3  
  40  5:21  Dark Templar  
  42  5:53  Dark Templar  
  42  5:54  Dark Templar x3  
  46  6:26  Dark Templar x2  
Tags
 
Add a new tag
Caveats
  • Supply blocks, unpowered buildings, or Contaminate may cause inaccurate times.
  • Supply counts are checked every 10 seconds.